 Dungeon Crawl Stone Soup version 0.26.0-10-g1f06aea511 (webtiles) character file.

Game seed: 5740770181495640523

595 dohliylev the Cudgeller (level 7, -5/43 HPs)
             Began as a Gargoyle Fighter on Jan 17, 2021.
             Splashed by Ijyb's acid (12 damage)
             ... on level 4 of the Dungeon.
             The game lasted 00:08:42 (2746 turns).

dohliylev the Cudgeller (Gargoyle Fighter)          Turns: 2746, Time: 00:08:45

Health: -5/43      AC: 15    Str: 22    XL:     7   Next: 40%
Magic:  7/7        EV:  8    Int:  8    God:
Gold:   181        SH: 10    Dex:  9    Spells: 6/6 levels left

rFire    . . .     SeeInvis +   a - +0 flail
rCold    . . .     Faith    .   c - +0 kite shield
rNeg     + . .     Spirit   .   o - +0 plate armour
rPois    ∞         Reflect  .   s - +0 helmet
rElec    +         Harm     .   (no cloak)
rCorr    .         Rampage  .   (no gloves)
Will     .....                  r - +0 pair of boots
Stlth    ..........             (no amulet)
HPRegen  0.14/turn              g - +4 ring of evasion
MPRegen  0.10/turn              p - ring of see invisible

@: mighty, corroded
A: negative energy resistance 1, electricity resistance, unbreathing,
petrification resistance, miasma immunity, AC +4
a: no special abilities


You were on level 4 of the Dungeon.
You visited 1 branch of the dungeon, and saw 4 of its levels.

You collected 181 gold pieces.

Inventory:

Hand Weapons
 a - a +0 flail (weapon)
Armour
 c - a +0 kite shield (worn)
 o - a +0 plate armour (worn)
 r - a +0 pair of boots (worn)
 s - a +0 helmet (worn)
Jewellery
 g - a +4 ring of evasion (left hand)
 p - a ring of see invisible (right hand)
Scrolls
 b - a scroll of immolation {unknown}
 f - 4 scrolls of remove curse {unknown}
 h - a scroll of fear {unknown}
 i - a scroll of amnesia {unknown}
 k - 4 scrolls of identify {unknown}
 l - a scroll of fog {unknown}
 m - a scroll of teleportation {unknown}
Potions
 e - a potion of mutation {unknown}
 j - 2 potions of flight {unknown}
 n - a potion of magic {unknown}
 q - 2 potions of curing {unknown}


   Skills:
 - Level 4.0 Fighting
 + Level 5.9 Maces & Flails
 + Level 4.8 Armour
 + Level 0.2 Dodging
 - Level 5.1 Shields


You had 6 spell levels left.
You didn't know any spells.
Your spell library contained the following spells:

 Spells                   Type           Power        Failure   Level
 Magic Dart               Conj           0%           100%        1
 Blink                    Tloc           N/A          100%        2
 Call Imp                 Summ           0%           100%        2
 Slow                     Hex            0%           100%        2
 Conjure Flame            Conj/Fire      0%           100%        3
 Mephitic Cloud           Conj/Pois/Air  0%           100%        3


Dungeon Overview and Level Annotations

Branches:
Dungeon (4/15)
 Temple: D:4-7

Altars:
Dithmenos
Ru
Uskayaw

Annotations:
D:4 Ijyb


Innate Abilities, Weirdness & Mutations

You are resistant to torment.
Your stone body is resilient. (AC +4)
You are immune to poison.
You resist negative energy. (rN+)
You are resistant to electric shocks. (rElec)
You can survive without breathing.
You are immune to petrification.
You are immune to miasma.


Message History

* * * LOW HITPOINT WARNING * * *
You closely miss Ijyb.
Ijyb is lightly wounded.
Ijyb zaps a wand.
The bolt of acid misses you.
You hit Ijyb but do no damage.
Ijyb is lightly wounded.
Ijyb barely misses you. You block Ijyb's attack.
Okay, then.
You feel very mighty all of a sudden. You block Ijyb's attack.
You barely miss Ijyb.
Ijyb is lightly wounded.
Ijyb hits you but does no damage.
You thump Ijyb!
Ijyb is severely wounded.
Ijyb screams, "I dance on your bones!"
Ijyb zaps a wand.
The bolt of acid hits you.
* * * LOW HITPOINT WARNING * * *
You are splashed with acid!
You die...

#.# #.# #.#
#.#
############.#
#............#
#
#.#####.######
....#####.#
#.# #...g@..#
#.# #######.#
#.# #.#####.#
#.......#
#########


You could see Ijyb.

Vanquished Creatures
  An ogre (D:4)
  2 scorpions (D:4)
  A hound (D:4)
  Terence (D:3)
  2 worker ants (D:4)
  An orc wizard (D:3)
  Natasha (twice) (D:2)
  9 adders
  4 gnolls
  An ooze (D:3)
  6 worms
  2 dart slugs
  2 leopard geckos
  5 orcs (D:3)
  A ball python (D:1)
  11 bats
  A giant cockroach (D:1)
  8 hobgoblins
  2 quokkas (D:3)
  9 frilled lizards
  8 goblins
  6 kobolds
  15 rats
100 creatures vanquished.

Vanquished Creatures (others)
  A plant (D:2)
1 creature vanquished.

Grand Total: 101 creatures vanquished

Notes
Turn   | Place    | Note
-------+----------+-------------------------------------------
     0 | D:1      | dohliylev the Gargoyle Fighter began the quest for the Orb.
     0 | D:1      | Reached XP level 1. HP: 14/14 MP: 1/1
   243 | D:1      | Reached XP level 2. HP: 19/19 MP: 2/2
   374 | D:1      | Reached XP level 3. HP: 23/23 MP: 3/3
   905 | D:2      | Found a faded altar of an unknown god.
  1044 | D:2      | Reached XP level 4. HP: 29/29 MP: 4/4
  1064 | D:2      | Noticed Natasha
  1102 | D:2      | Killed Natasha
  1442 | D:2      | Found a hide-covered altar of Uskayaw.
  1442 | D:2      | Found a shadowy altar of Dithmenos.
  1442 | D:2      | Found a sacrificial altar of Ru.
  1477 | D:2      | Reached XP level 5. HP: 32/33 MP: 5/5
  1565 | D:2      | Noticed Natasha
  1596 | D:2      | Killed Natasha
  2025 | D:3      | Noticed Terence
  2066 | D:3      | Killed Terence
  2067 | D:3      | Reached XP level 6. HP: 38/38 MP: 6/6
  2380 | D:4      | Reached skill level 5 in Maces & Flails
  2380 | D:4      | Reached skill level 5 in Shields
  2380 | D:4      | Reached XP level 7. HP: 29/43 MP: 7/7
  2736 | D:4      | Noticed Ijyb
  2746 | D:4      | Splashed by Ijyb's acid

Illustrated notes

Levels and vault maps discovered:
D:1:      minmay_arrival_up_and_down, layout_loops_ring, st_stairs_7,
          minmay_misc_feat_diagonals, hangedman_decor_push,
          roderic_roman_lattice
D:2:      layout_loops_ring, gammafunk_temple_overflow_forgotten,
          chequers_ecumenical_altar_simple_redux, solitary_fountain,
          uniq_natasha
D:3:      layout_loops_ring, gammafunk_ghost_split, serial_bayou_pond_b,
          uniq_crazy_yiuf_cottage, uniq_terence
D:4:      layout_loops_ring, uniq_ijyb

Skill      XL: |  1  2  3  4  5  6 |
---------------+-------------------+-----
Maces & Flails | 3 5 |  5.9
Shields        | 4 5 |  5.1
Armour         | 4 |  4.8
Fighting       | 4 |  4.0
Dodging        | |  0.2

Action                   |  1- 3 |  4- 6 |  7- 9 || total
-------------------------+-------+-------+-------++-------
Melee: Flail             |   172 |   330 |    72 ||   574
  Use: Potion            |       |       |     1 ||     1
Armor: Scale mail        |    53 |       |       ||    53
       Plate armour      |    35 |   168 |    32 ||   235
Dodge: Dodged            |    88 |   101 |    16 ||   205
Block: Kite shield       |    91 |   143 |    34 ||   268
